 Dungeon Crawl Stone Soup version 0.32-a0-913-g739538afd8 (webtiles) character file.

Game seed: 13394050676553857430

2876 Snaaty the Geomancer (level 9, -3/45 HPs)
             Began as a Gargoyle Earth Elementalist on Apr 7, 2024.
             Was a Priest of Cheibriados.
             Killed by divine providence
             ... invoked by an orc priest
              (16 damage)
             ... on level 8 of the Dungeon.
             The game lasted 00:14:29 (6532 turns).

Snaaty the Geomancer (Gargoyle Earth Elementalist)  Turns: 6532, Time: 00:14:30

Health: -3/45      AC: 21    Str: 21    XL:     9   Next: 76%
Magic:  14/22      EV: 11    Int: 33    God:    Cheibriados [***...]
Gold:   228        SH:  0    Dex: 20    Spells: 16/27 levels left

rFire   . . .        e - staff of earth
rCold   + . .        (no shield)
rNeg    + . .        a - +3 leather armour of Parts Unknown {+Blink rC+ Dex+2}
rPois   ∞            k - +2 helmet
rElec   +            y - +2 cloak {rCorr}
rCorr   +            (no gloves)
SInv    .            D - +2 pair of boots {Stlth+}
Will    +....        (no amulet)
Stlth   +++          r - +6 ring of intelligence
HPRegen 0.27/turn    J - ring of willpower
MPRegen 0.18/turn

%: no passive effects
@: very slow
A: sickness immunity, AC +6, negative energy resistance 1, electricity
resistance, torment resistance 1, petrification resistance
a: Renounce Religion, Evoke Blink, Bend Time, Temporal Distortion


You were on level 8 of the Dungeon.
You worshipped Cheibriados.
Cheibriados was most pleased with you.
You visited 2 branches of the dungeon, and saw 9 of its levels.

You collected 453 gold pieces.
You spent 225 gold pieces at shops.

Inventory:

Hand Weapons
 h - a +2 short sword of speed
 x - a +4 quarterstaff of chaos
Missiles
 f - 73 stones
 K - a curare-tipped dart
 L - 5 silver javelins
Armour
 a - the +3 leather armour of Parts Unknown (worn) {+Blink rC+ Dex+2}
   (You found it on level 2 of the Dungeon)

   Dex+2:     It affects your dexterity (+2).
   rC+:       It protects you from cold.
   +Blink:    It lets you blink.
 k - a +2 helmet (worn)
 o - the +0 leather armour "Fith" {rElec SInv}
   (You found it on level 2 of the Dungeon)

   rElec:     It insulates you from electricity.
   SInv:      It lets you see invisible.
 y - a +2 cloak of preservation (worn)
 D - a +2 pair of boots of stealth (worn)
 N - a +1 hat
Magical Staves
 e - a staff of earth (weapon)
 q - a staff of conjuration
Jewellery
 r - a +6 ring of intelligence (left hand)
 u - a ring of fire
 B - a ring of resist corrosion
 J - a ring of willpower (right hand)
 M - a ring of ice
Wands
 j - a wand of flame (6)
 t - a wand of roots (20)
Scrolls
 c - 2 scrolls of poison
 d - 2 scrolls of identify {unknown}
 i - a scroll of immolation {unknown}
 n - a scroll of teleportation {unknown}
 w - a scroll of enchant weapon {unknown}
 z - a scroll of noise {unknown}
 C - a scroll of blinking {unknown}
 E - a scroll of fear {unknown}
 F - a scroll of vulnerability {unknown}
 H - a scroll of enchant armour {unknown}
 I - a scroll of revelation {unknown}
Potions
 b - a potion of magic
 g - 3 potions of heal wounds {unknown}
 l - a potion of cancellation {unknown}
 m - a potion of might {unknown}
 p - a potion of lignification {unknown}
 s - 2 potions of curing {unknown}
 v - a potion of brilliance {unknown}
 A - a potion of degeneration {unknown}
 G - a potion of mutation {unknown}


   Skills:
 - Level 1.5 Dodging
 - Level 2.1 Stealth
 + Level 9.8 Spellcasting
 - Level 1.1 Conjurations
 - Level 10.0 Earth Magic
 + Level 1.4 Evocations


You had 16 spell levels left.
You knew the following spells:

 Your Spells              Type           Power      Damage    Failure   Level
a - Sandblast             Erth           100%       2d20      1%          1
b - Stone Arrow           Conj/Erth      100%       3d13      1%          3
c - Passwall              Erth           89%        N/A       1%          3
d - Animate Armour        Summ/Erth      100%       N/A       4%          4

Your spell library contained the following spells:

 Spells                   Type           Power      Damage    Failure   Level
 Kiss of Death            Conj/Necr      76%        2d11      2%          1
 Shock                    Conj/Air       76%        1d7       2%          1
 Necrotise                Necr           64%        1d7       3%          1
 Brom's Barrelling Bould  Conj/Erth      68%        2d8       3%          4
 Petrify                  Alch/Erth      65%        N/A       4%          4
 Confusing Touch          Hex            16%        N/A       10%         3
 Swiftness                Air            16%        N/A       10%         3
 Vampiric Draining        Necr           16%        2d7       10%         3
 Airstrike                Air            8%         2d(2-18)  32%         4
 Dispel Undead            Necr           16%        3d10      32%         4
 Martyr's Knell           Necr/Summ      16%        N/A       32%         4
 Curse of Agony           Necr           16%        N/A       67%         5
 Lehudib's Crystal Spear  Conj/Erth      34%        10d9      100%        8


Dungeon Overview and Level Annotations

Branches:
Dungeon (8/15)             Temple (1/1) D:4
   Lair: D:8-11

Altars:
Ashenzari
Cheibriados
Dithmenos
Fedhas
Gozag
Hepliaklqana
Kikubaaqudgha
Makhleb
Nemelex Xobeh
Okawaru
Qazlal
Ru
Sif Muna
Trog
Uskayaw
Vehumet
Wu Jian
Xom
Yredelemnul
Zin
The Shining One

Shops:
D:4 [[[([


Innate Abilities, Weirdness & Mutations

You are immune to sickness and miasma.
Your stone body is resilient. (AC +6)
You are immune to poison.
You resist negative energy. (rN+)
You are resistant to electric shocks. (rElec)
You are resistant to unholy torment.
You are immune to petrification.


Message History

Casting: Sandblast (safe; 1% risk of failure)
Confirm with . or Enter, or press ? or * to list all spells.
You don't know that spell.
You feel a surge of power!
The blast of sand hits the orc warrior but does no damage.
The orc warrior barely misses you.
You feel a surge of power!
The blast of sand hits the orc warrior but does no damage.
The orc warrior hits you with a +0 battleaxe.
The orc priest invokes the aid of Beogh against you.
Beogh smites you!
The orc warrior hits you but does no damage.
You feel a surge of power!
The blast of sand hits the orc warrior but does no damage.
The orc warrior barely misses you.
You feel a surge of power!
The blast of sand hits the orc warrior!!
The orc warrior is severely wounded.
The orc shouts!
The orc warrior barely misses you.
The orc priest casts a cantrip, but nothing happens.
The orc warrior closely misses you.
You feel a surge of power!
The blast of sand hits the orc warrior but does no damage.
The orc warrior is severely wounded.
The orc priest invokes the aid of Beogh against you.
Beogh smites you!
The orc warrior hits you with a +0 battleaxe.
You feel a surge of power!
The blast of sand hits the orc warrior!
You kill the orc warrior!
Cheibriados appreciates the change of pace.
The orc priest looks encouraged for a moment. x2
The orc priest casts a cantrip, but nothing happens.
The orc priest mumbles some strange prayers to Beogh against you.
Beogh smites you!
* * * LOW HITPOINT WARNING * * *
The orc priest mumbles some strange prayers to Beogh against you.
Beogh smites you!
You die...
Cheibriados appreciates the motionlessness of death.

#### #..# #..# ##.#
#######################.#
#######oooooo)@................
........#####################.#
....#...o[# #.# ........o..#
#.. ......?.o...# #..
.....o..oo.... #.#
......o.)o>.### #.#
............# #.# ...o........#
...######.#


You could see 3 orc priests, an orc wizard and 2 orcs.

Vanquished Creatures
  Grinder (D:3)
  A steam dragon (D:7)
  2 water moccasins (D:7)
  2 orc warriors
  2 black bears
  An ice beast (D:7)
  2 ogres
  A phantom (D:6)
  Blork the orc (D:6)
  A kobold brigand (D:7)
  A bullfrog (D:7)
  A wyvern zombie (D:8)
  4 scorpions
  A centaur zombie (D:8)
  2 bombardier beetles (D:5)
  A gnoll bouda (D:7)
  6 orc priests
  2 hounds (D:6)
  2 jellies
  2 sleepcaps
  Crazy Yiuf (D:3)
  Jessica (D:3)
  Natasha (thrice) (D:4)
  4 iguanas
  8 orc wizards
  A killer bee zombie (D:8)
  5 howler monkey zombies (D:8)
  Robin (D:2)
  8 gnolls
  8 adders
  2 shadow imps
  2 ufetubi (D:6)
  5 dart slugs
  4 ribbon worms
  20 orcs
  5 endoplasms
  A giant cockroach (D:2)
  8 hobgoblins
  9 jackals
  6 ball pythons
  3 bats
  2 frilled lizards (D:1)
  16 goblins
  7 kobolds
  6 rats
172 creatures vanquished.

Notes
Turn   | Place    | Note
-------+----------+-------------------------------------------
     0 | D:1      | Snaaty the Gargoyle Earth Elementalist began the quest for
                  | the Orb.
     0 | D:1      | Reached XP level 1. HP: 10/10 MP: 3/3
    61 | D:1      | Reached skill level 4 in Earth Magic
   206 | D:1      | Reached XP level 2. HP: 15/15 MP: 1/5
   728 | D:2      | Reached XP level 3. HP: 19/19 MP: 2/6
   732 | D:2      | Reached skill level 5 in Earth Magic
   925 | D:2      | Reached XP level 4. HP: 24/24 MP: 4/7
  1010 | D:2      | Noticed Robin
  1032 | D:2      | Reached skill level 6 in Earth Magic
  1107 | D:2      | Killed Robin
  1214 | D:2      | Identified the +0 leather armour "Fith" {rElec SInv}
  1327 | D:2      | Identified the +3 leather armour of Parts Unknown {+Blink
                  | rC+ Dex+2}
  1752 | D:3      | Reached XP level 5. HP: 22/28 MP: 6/8
  1798 | D:3      | Identified the +2 leather armour of Whack-A-Mole {*Corrode
                  | Will- Int+8}
  1874 | D:3      | Reached skill level 7 in Earth Magic
  1995 | D:3      | Noticed Jessica
  1997 | D:3      | Killed Jessica
  1998 | D:3      | Reached XP level 6. HP: 32/32 MP: 7/9
  2097 | D:3      | Noticed Grinder
  2099 | D:3      | Killed Grinder
  2100 | D:3      | Reached skill level 9 in Earth Magic
  2537 | D:3      | Found a runed translucent door.
  2538 | D:3      | Noticed Crazy Yiuf
  2700 | D:3      | Killed Crazy Yiuf
  2701 | D:3      | Reached XP level 7. HP: 30/36 MP: 7/10
  2752 | D:4      | Learned a level 3 spell: Stone Arrow
  2757 | D:4      | Found Zikire's Armour Emporium.
  2792 | D:4      | Found a staircase to the Ecumenical Temple.
  2802 | Temple   | Entered the Ecumenical Temple
  2861 | Temple   | Became a worshipper of Cheibriados the Contemplative
  2974 | D:4      | Found a radiant altar of Vehumet.
  3005 | D:4      | Found a shimmering blue altar of Sif Muna.
  3005 | D:4      | Noticed Natasha
  3016 | D:4      | Reached skill level 10 in Earth Magic
  3017 | D:4      | Killed Natasha
  3102 | D:4      | Found Riud Mea's Armour Shoppe.
  3105 | D:4      | Found Alum's Weapon Emporium.
  3105 | D:4      | Noticed a +0 lajatang
  3105 | D:4      | Noticed a +0 lajatang
  3157 | D:4      | Noticed Natasha
  3235 | D:4      | Reached * piety under Cheibriados
  3391 | D:4      | Killed Natasha
  3505 | D:4      | Reached XP level 8. HP: 41/41 MP: 10/14
  3520 | D:4      | Noticed Natasha
  3537 | D:4      | Killed Natasha
  3574 | D:4      | Found Plog's Antique Armour Emporium.
  3579 | D:4      | Bought a pair of embroidered boots for 225 gold pieces
  3709 | D:4      | Found Haaxu's Armour Shop.
  3792 | D:5      | Entered Level 5 of the Dungeon
  3898 | D:5      | Reached skill level 5 in Spellcasting
  3998 | D:5      | You fall into a shaft and drop 1 floor!
  4155 | D:5      | Learned a level 3 spell: Passwall
  4160 | D:5      | Learned a level 4 spell: Animate Armour
  4581 | D:5      | Reached ** piety under Cheibriados
  4949 | D:6      | Reached XP level 9. HP: 39/45 MP: 13/20
  5078 | D:6      | Noticed Blork the orc
  5083 | D:6      | Killed Blork the orc
  5588 | D:7      | Found a broken altar of Ashenzari.
  5798 | D:7      | Found a hide-covered altar of Uskayaw.
  5798 | D:7      | Found a burning altar of Makhleb.
  5799 | D:7      | Found a glowing golden altar of the Shining One.
  5799 | D:7      | Found an ancient bone altar of Kikubaaqudgha.
  5804 | D:7      | Reached *** piety under Cheibriados
  5827 | D:7      | Identified the +1 leather armour of Ralura {rPois rN++
                  | Will- Dex-3}
  6109 | D:7      | Found a glowing silver altar of Zin.
  6376 | D:8      | Found a basalt altar of Yredelemnul.
  6391 | D:8      | Reached skill level 1 in Evocations
  6532 | D:8      | Killed from afar by an orc priest

Illustrated notes

Levels and vault maps discovered:
D:1:      dpeg_arrival_castle, layout_rooms, serial_bayou_crossing
D:2:      layout_basic, minmay_pentomino_x2, uniq_robin
D:3:      layout_loops_ring, kennysheep_crisscross,
          minmay_fractal_squares_gapless_5, uniq_crazy_yiuf_cottage,
          uniq_jessica, uniq_grinder
D:4:      layout_loops_cross, marbit_many_paths, lemuel_tele_altar, temple_hall,
          serial_shops, nicolae_shop_just_a_little_nook,
          nicolae_shop_behind_doors, nicolae_square_shop,
          nicolae_shop_mannequins, nicolae_shop_tiny_waterfront, uniq_natasha
D:5:      layout_basic
D:6:      layout_basic, serial_bayou_pond_e, uniq_blork_the_orc
D:7:      layout_rooms, ashenzari_altar_1, mainiacjoe_overflow_chevrons,
          chequers_temple_overflow_statue_of_worship, hellmonk_no_cap
D:8:      layout_rooms, nicolae_yredelemnul_corpse_copse
Temple:   nicolae_temple_godzebo

Skill      XL: |  1  2  3  4  5  6  7  8  9 |
---------------+----------------------------+-----
Earth Magic    | 4 5 6 7 9 10 | 10.0
Spellcasting   | 4 7 9 |  9.8
Evocations     | 1 |  1.4
Dodging        | |  1.5
Stealth        | |  2.1
Conjurations   | |  1.1

Action                     |  1- 3 |  4- 6 |  7- 9 || total
---------------------------+-------+-------+-------++-------
  Melee: Unarmed           |     7 |       |       ||     7
         Short sword       |    26 |    36 |       ||    62
         Staff             |       |     4 |    11 ||    15
   Cast: Sandblast         |    34 |    52 |   158 ||   244
         Passwall          |       |       |     1 ||     1
Ability: Evoke Blink       |       |     1 |       ||     1
    Use: Scroll            |       |       |     1 ||     1
   Stab: Sleeping          |       |     2 |     2 ||     4
 Armour: Robe              |    19 |    26 |       ||    45
         Leather armour    |       |    19 |    84 ||   103
  Dodge: Dodged            |    33 |    34 |    53 ||   120

Table legend: (Time is in decaauts)
 A = Elapsed time spent in this place.
 B = Non-inter-level travel time spent in this place.
 C = Inter-level travel time spent in this place.
 D = Time resting spent in this place.
 E = Time spent auto-exploring this place.
 F = Levels seen in this place.
 G = Mean time per level.
                   A        B        C        D        E       F      G
               +--------+--------+--------+--------+--------+-----+--------+
         Total |   7863 |   7627 |    236 |    245 |   6020 |   9 |  873.7 |
       Dungeon |   7766 |   7567 |    199 |    245 |   6020 |   8 |  970.8 |
        Temple |     96 |     60 |     36 |      0 |      0 |   1 |   96.0 |
               +--------+--------+--------+--------+--------+-----+--------+

Top non-repeatable levels by time:
     D:6: 1314 daAuts
     D:4: 1197 daAuts
     D:5: 1118 daAuts
     D:7: 1080 daAuts
     D:3: 1069 daAuts
     D:2: 981 daAuts
     D:1: 728 daAuts
     D:8: 276 daAuts
  Temple: 96 daAuts
